AoeStats
← Fran

Arena

510020044Analyzed
1v1 RM · 5d ago on Sep 29, 2026· 29m 23s· 2 players
Game mode
Random Map
Map size
Tiny (2 player)
Population
200
Speed
Normal
Resources
Standard
Victory
Conquest
Starting age
Dark Age
Ending age
Imperial Age
RankedLock teamsTeams togetherTeam positionsShared explorationLock speedFull tech treeHidden civsTurbo modeCheats
Victory
Defeat
🇲🇽 Wei · Mexico
794
+17
🇦🇷 Cumans · Argentina
824
-17
[oMXo]Gabobrice
1:03 Loom
5:05 Loom
11:59 Feudal Age
12:57 Double-Bit Axe
13:06 Stone Mining
13:09 Gold Mining
13:07 Horse Collar
13:26 Arson
13:47 Man-at-Arms
18:32 Fletching
24:31 Wheelbarrow
25:23 Bloodlines
28:46 Castle Age
Fran
7:43 Loom
10:09 Feudal Age
14:44 Wheelbarrow
13:58 Double-Bit Axe
14:05 Gold Mining
26:27 Castle Age
25:25 Stone Mining
Connection lost

Rejoining the realm…

Still unreachable

The connection could not be restored.

Session expired

The server has moved on; the page needs a fresh start.